 Dungeon Crawl Stone Soup version 0.20.0-15-g7f486f2 (webtiles) character file.

1967 greprep the Covert (level 9, -2/51 HPs)
             Began as an Octopode Enchanter on June 28, 2017.
             Was an Initiate of Sif Muna.
             Slain by a mummy (20 damage)
             ... on level 7 of the Dungeon.
             The game lasted 00:23:06 (10071 turns).

greprep the Covert (Octopode Enchanter)            Turns: 10071, Time: 00:23:06

Health: -2/51      AC:  2    Str:  7    XL:     9   Next: 19%
Magic:  0/12       EV: 17    Int: 19    God:    Sif Muna [......]
Gold:   404        SH:  0    Dex: 14    Spells: 1/12 levels left

rFire    . . .     SeeInvis .   v - +0 short sword (venom)
rCold    . . .     Gourm    .   (no shield)
rNeg     . . .     Faith    .   a - +1 hat
rPois    .         Spirit   .   (no amulet)
rElec    .         Reflect  .   (no ring)
rCorr    .         Harm     .   (no ring)
MR       .....                  (no ring)
Stlth    +++++.....             (no ring)
Regen    0.2/turn               (no ring)
MPRegen  0.2/turn               (no ring)
                                (no ring)
                                (no ring)

@: very slightly contaminated, drained
A: almost no armour, stealthy swim, amphibious, 8 rings, constrict 8, tentacle
spike 1, camouflage 1, mutation resistance 1, gelatinous body 1
a: Renounce Religion


You were on level 7 of the Dungeon.
You worshipped Sif Muna.
Sif Muna was noncommittal.
You were hungry.

You visited 2 branches of the dungeon, and saw 8 of its levels.

You collected 404 gold pieces.

Inventory:

Hand Weapons
 d - a +1 dagger of draining
 v - a +0 short sword of venom (weapon)
Armour
 a - a +1 hat (worn)
 c - a +0 shield
Wands
 w - a wand of flame (19/48)
 y - a wand of flame (13/48)
Scrolls
 f - a scroll of enchant weapon {unknown}
 g - 3 scrolls of remove curse
 h - a scroll of blinking {unknown}
 l - 2 scrolls of enchant armour {unknown}
 n - a scroll of magic mapping {unknown}
 p - a scroll of immolation {unknown}
 s - 3 scrolls of teleportation {unknown}
 t - 2 scrolls of amnesia {unknown}
Potions
 e - a potion of resistance {unknown}
 q - 4 potions of flight {unknown}
 r - a potion of ambrosia {unknown}
 u - 2 potions of brilliance
 x - a potion of heal wounds
Books
 b - a book of Maledictions

   Spells                             Type                      Level
   a - Corona                         Hexes                        1
   b - Ensorcelled Hibernation        Hexes/Ice                    2
   c - Confuse                        Hexes                        3
   d - Tukima's Dance                 Hexes                        3
   e - Dazzling Spray                 Conjuration/Hexes            3
 o - a book of Geomancy

   Spells                             Type                      Level
   a - Sandblast                      Earth                        1
   b - Passwall                       Transmutation/Earth          2
   c - Stone Arrow                    Conjuration/Earth            3
   d - Petrify                        Transmutation/Earth          4
   e - Lee's Rapid Deconstruction     Earth                        5
Comestibles
 i - 6 royal jellies
 j - 5 meat rations
 k - 2 fruits
 z - a bread ration


   Skills:
 - Level 1.0(0.4) Short Blades
 * Level 7.9(7.2) Dodging
 - Level 11.0(10.2) Stealth
 * Level 4.6(4.0) Shields
 - Level 2.0(1.4) Spellcasting
 - Level 3.0(2.4) Hexes
 + Level 0.8(0.2) Transmutations
 + Level 0.6(0.0) Earth Magic


You had one spell level left.
You knew the following spells:

 Your Spells              Type           Power        Failure   Level  Hunger
a - Corona                Hex            ##.....      7%          1    ##.....
b - Ensorcelled Hibernat  Hex/Ice        #.....       17%         2    ###....
c - Tukima's Dance        Hex            ##......     21%         3    ####...
d - Confuse               Hex            ##......     21%         3    ####...
e - Passwall              Tmut/Erth      #.........   26%         2    ###....


Dungeon Overview and Level Annotations

Branches:
Dungeon (7/15)             Temple (1/1) D:6

Altars:
Ashenzari
Cheibriados
Dithmenos
Elyvilon
Gozag
Hepliaklqana
Kikubaaqudgha
Makhleb
Nemelex Xobeh
Okawaru
Qazlal
Ru
Sif Muna
Trog
Uskayaw
Vehumet
Xom
Yredelemnul
Zin
The Shining One

Shops:
D:6 }


Innate Abilities, Weirdness & Mutations

You cannot wear most types of armour.
You are very stealthy in the water. (Stealth+)
You are amphibious.
You can wear up to eight rings at the same time.
You can use your tentacles to constrict eight enemies at once.
Your skin changes colour to match your surroundings (Stealth+).
Your rubbery body absorbs attacks. (AC +1, EV +1)
One of your tentacles bears a spike.
You are somewhat resistant to further mutation.


Message History

You constrict the mummy. You hit the mummy but do no damage.
The mummy is lightly damaged.
You constrict the mummy, but do no damage.
The mummy hits you!
Casting: Confuse
Confirm with . or Enter, or press ? or * to list all spells.
Aiming: Confuse
Press: ? - help, Shift-Dir - straight line, f/p - mummy
Aim: a mummy (lightly damaged, constricted by you, chance to defeat MR: 41%)
The mummy appears confused.
You constrict the mummy.
You strike the helpless mummy from behind!
You puncture the mummy! You squeeze the mummy.
You destroy the mummy!
Sif Muna accepts your kill.
You hit the mummy but do no damage. You grab the mummy.
You pierce the mummy, but do no damage.
You constrict the mummy, but do no damage.
The mummy hits you!!
You die...

### #.# #.#
################.#
#<......@M.....).#
################.#####
#.....# ####.....####
#>...........
###.##...M.####
#......###.M...
#......###.#...
#..............


You could see a mummy.

Vanquished Creatures
  A hungry ghost (D:5)
  A sky beast (D:6)
  A black bear (D:5)
  A phantom (D:5)
  2 ogres
  A bullfrog (D:6)
  4 wights
  4 crimson imps
  2 bullfrog skeletons
  A centaur zombie (D:7)
  4 orc priests
  A gnoll shaman (D:4)
  3 hounds
  An iguana (D:5)
  5 orc wizards
  2 worker ants
  3 hound zombies
  A hound skeleton (D:5)
  3 mummies (D:7)
  A worker ant zombie (D:5)
  8 gnolls
  11 adders
  A shadow imp (D:5)
  2 adder skeletons (D:4)
  7 worms
  3 dart slugs
  5 leopard geckos
  29 orcs
  3 ball pythons
  3 giant cockroaches
  10 goblins
  9 hobgoblins
  7 jackals
  10 kobolds
  4 quokkas
  10 bats
  8 frilled lizards
  2 jackal skeletons
  A leopard gecko skeleton (D:3)
  14 rats
189 creatures vanquished.

Vanquished Creatures (collateral kills)
  2 gnolls (D:3)
  A bat (D:3)
  A kobold (D:3)
4 creatures vanquished.

Vanquished Creatures (others)
  9 dancing weapons
9 creatures vanquished.

Grand Total: 202 creatures vanquished

Notes
Turn   | Place    | Note
-------+----------+-------------------------------------------
     0 | D:1      | greprep the Octopode Enchanter began the quest for the Orb.
     0 | D:1      | Reached XP level 1. HP: 11/11 MP: 3/3
     0 | D:1      | Noticed a minotaur skeleton
    10 | D:1      | Noticed a minotaur skeleton
    16 | D:1      | Noticed a minotaur skeleton
   182 | D:1      | Reached XP level 2. HP: 16/17 MP: 5/5
   204 | D:1      | Learned a level 2 spell: Ensorcelled Hibernation
   385 | D:1      | Reached skill level 5 in Stealth
   660 | D:2      | Reached XP level 3. HP: 11/21 MP: 6/6
   995 | D:2      | Learned a level 3 spell: Tukima's Dance
  1209 | D:2      | Found a radiant altar of Vehumet.
  1327 | D:2      | Reached skill level 6 in Stealth
  1354 | D:2      | Reached XP level 4. HP: 27/27 MP: 7/7
  1581 | D:2      | Found a hazy altar of Hepliaklqana.
  2067 | D:3      | Reached XP level 5. HP: 12/31 MP: 8/8
  2329 | D:3      | Reached skill level 7 in Stealth
  3864 | D:3      | Reached XP level 6. HP: 30/36 MP: 5/9
  4157 | D:2      | Reached skill level 8 in Stealth
  4441 | D:3      | Learned a level 3 spell: Confuse
  5072 | D:4      | Reached skill level 9 in Stealth
  5072 | D:4      | Reached skill level 1 in Shields
  5072 | D:4      | Reached XP level 7. HP: 41/41 MP: 10/10
  6429 | D:5      | Entered Level 5 of the Dungeon
  6515 | D:5      | Reached skill level 10 in Stealth
  7108 | D:5      | Noticed a hungry ghost
  7146 | D:5      | Killed a hungry ghost
  7146 | D:5      | Reached skill level 5 in Dodging
  7146 | D:5      | Reached XP level 8. HP: 24/46 MP: 7/11
  7341 | D:5      | Reached skill level 11 in Stealth
  7424 | D:5      | Gained mutation: You tend to lose your temper in combat. [potion of mutation]
  7424 | D:5      | Gained mutation: Your muscles are strong. (Str +2) [potion of mutation]
  7425 | D:5      | Lost mutation: Your muscles are strong. (Str +2) [potion of mutation]
  7425 | D:5      | Lost mutation: You tend to lose your temper in combat. [potion of mutation]
  7425 | D:5      | Gained mutation: One of your tentacles bears a spike. [potion of mutation]
  7425 | D:5      | Gained mutation: You are somewhat resistant to further mutation. [potion of mutation]
  8379 | D:6      | Learned a level 2 spell: Passwall
  8418 | D:6      | Found a staircase to the Ecumenical Temple.
  8473 | Temple   | Entered the Ecumenical Temple
  8641 | Temple   | Became a worshipper of Sif Muna the Loreminder
  8683 | D:6      | Found Sisivav's Gadget Shoppe.
  9013 | D:5      | Reached XP level 9. HP: 24/51 MP: 1/12
  9494 | D:6      | Found a shimmering altar of Xom.
  9494 | D:6      | Found an ancient bone altar of Kikubaaqudgha.
 10071 | D:7      | Slain by a mummy

Skill      XL: |  1  2  3  4  5  6  7  8 |
---------------+-------------------------+-----
Stealth        | 5 6 7 9 10 11 | 11.0
Dodging        | 3 4 5 7 |  7.9
Shields        | 1 2 4 |  4.6
Short Blades   | |  1.0
Spellcasting   | |  2.0
Hexes          | |  3.0
Transmutations | |  0.8
Earth Magic    | |  0.6

Action                   |  1- 3 |  4- 6 |  7- 9 || total
-------------------------+-------+-------+-------++-------
Melee: Dagger            |    60 |    72 |       ||   132
       Constrict         |    15 |    40 |    52 ||   107
       Tentacles         |    10 |    26 |    57 ||    93
       Short sword       |       |    77 |   287 ||   364
       Kick              |       |       |    57 ||    57
 Cast: Tukima's Dance    |       |    18 |    11 ||    29
       Confuse           |       |     2 |     8 ||    10
       Ensorcelled Hiber |       |       |     1 ||     1
       Passwall          |       |       |     2 ||     2
  Use: Scroll            |       |     8 |     2 ||    10
       Potion            |       |     1 |     7 ||     8
 Stab: Sleeping          |    12 |    17 |    25 ||    54
       Distracted        |       |     2 |     1 ||     3
       Confused          |       |       |     5 ||     5
  Eat: Chunk             |     1 |     9 |     6 ||    16
       Bread ration      |       |     1 |     1 ||     2
       Fruit             |       |       |     2 ||     2
       Meat ration       |       |       |     2 ||     2
Armor: Skin              |     9 |    12 |    13 ||    34
Dodge: Dodged            |    33 |   102 |   148 ||   283
